Workbook

Sheet rapport_financier
A2: LB | B2: Lignes budégaires | C2: Libellé | D2: Budget | E2: RF intermédiaire | F2: RF final selon facturier | G2: % | H2: Solde
B3: 1. Investissements
A4: 1.1 | B4: Ordinateur portable | C4: Lenovo Thinkpad 13 20Gb | D4: 1187.7239 | E4: 1474.51 | F4: =SUMIF(Dépenses_Belgique!$A$4:$A$257,rapport_financier!A4,Dépenses_Belgique!$E$4:$E$257) -> 1474.51 | G4: =F4/D4 -> 1.2414586 | H4: =+D4-F4 -> -286.7861
B5: sous-total | D5: =D4 -> 1187.7239 | E5: =E4 -> 1474.51 | F5: =F4 -> 1474.51 | G5: =F5/D5 -> 1.2414586 | H5: =+D5-F5 -> -286.7861
B6: 2. Frais généraux
A7: 2.1 | B7: Charges locatives | C7: Partie proportionnelle de la location de bureaux affectée au projet | D7: 1577.363 | E7: 675 | F7: =SUMIF(Dépenses_Belgique!$A$4:$A$257,rapport_financier!A7,Dépenses_Belgique!$E$4:$E$257) -> 1710 | G7: =F7/D7 -> 1.0840878 | H7: =+D7-F7 -> -132.63699
A8: 2.2 | B8: Consommation eau, electicité, gaz | C8: Partie proportionnelle de la participation aux frais du bâtiment affectée au projet | D8: 619.0624 | E8: 281.62 | F8: =SUMIF(Dépenses_Belgique!$A$4:$A$257,rapport_financier!A8,Dépenses_Belgique!$E$4:$E$257) -> 796.312 | G8: =F8/D8 -> 1.2863194 | H8: =+D8-F8 -> -177.2496
A9: 2.3 | B9: Assurance RC | C9: Partie proportionnelle de la assurance RC affecté au projet | D9: 244.40153 | E9: 83.68 | F9: =SUMIF(Dépenses_Belgique!$A$4:$A$257,rapport_financier!A9,Dépenses_Belgique!$E$4:$E$257) -> 338.68 | G9: =F9/D9 -> 1.3857524 | H9: =+D9-F9 -> -94.278472
A10: 2.4 | B10: Poste | C10: Partie proportionnelle des frais de Poste et expéditions affectée au projet | D10: 383.825 | E10: 67.53 | F10: =SUMIF(Dépenses_Belgique!$A$4:$A$257,rapport_financier!A10,Dépenses_Belgique!$E$4:$E$257) -> 691.48 | G10: =F10/D10 -> 1.8015502 | H10: =+D10-F10 -> -307.655
A11: 2.5 | B11: Téléphonie | C11: Partie proportionnelle des frais de téléphone affectée au projet | D11: 172.72125 | E11: 79.83 | F11: =SUMIF(Dépenses_Belgique!$A$4:$A$257,rapport_financier!A11,Dépenses_Belgique!$E$4:$E$257) -> 431.0102 | G11: =F11/D11 -> 2.4954092 | H11: =+D11-F11 -> -258.28895
B12: sous-total | D12: =SUM(D7:D11) -> 2997.3732 | E12: =SUM(E7:E11) -> 1187.66 | F12: =SUM(F7:F11) -> 3967.4822 | G12: =F12/D12 -> 1.3236531 | H12: =+D12-F12 -> -970.109
B13: 3. Frais de déplacement
A14: 3.1 | B14: Voyages, logement et perdiem au Burundi | C14: 1 personne 1 fois par an (1 semaine - 10 jours) | D14: 8183.149 | E14: 4687.83 | F14: =SUMIF(Dépenses_Belgique!$A$4:$A$257,rapport_financier!A14,Dépenses_Belgique!$E$4:$E$257) -> 11842.82 | G14: =F14/D14 -> 1.4472204 | H14: =+D14-F14 -> -3659.671
A15: 3.2 | B15: Accueil de partenaires en Belgique | C15: 1 accueil 1 fois par an (1 semaine-10 jours) | D15: 9211.8 | E15: 1679.95 | F15: =SUMIF(Dépenses_Belgique!$A$4:$A$257,rapport_financier!A15,Dépenses_Belgique!$E$4:$E$257) -> 3262.6 | G15: =F15/D15 -> 0.35417617 | H15: =+D15-F15 -> 5949.2
B16: sous-total | D16: =SUM(D14:D15) -> 17394.949 | E16: =SUM(E14:E15) -> 6367.78 | F16: =SUM(F14:F15) -> 15105.42 | G16: =F16/D16 -> 0.86837967 | H16: =+D16-F16 -> 2289.529
B17: 4. Sous-traitance, honoraires
A18: 4.1 | B18: Dépenses | C18: Frais de voyage, visa, communications et autres | D18: 9840 | E18: 3936 | F18: =SUMIF(Dépenses_Belgique!$A$4:$A$257,rapport_financier!A18,Dépenses_Belgique!$E$4:$E$257) -> -557.24 | G18: =F18/D18 -> -0.056630081 | H18: =+D18-F18 -> 10397.24
A19: 4.2 | B19: Dépenses | C19: Honoraires | D19: 11400 | E19: 4560 | F19: =SUMIF(Dépenses_Belgique!$A$4:$A$257,rapport_financier!A19,Dépenses_Belgique!$E$4:$E$257) -> 26128.75 | G19: =F19/D19 -> 2.2919956 | H19: =+D19-F19 -> -14728.75
A20: 4.3 | B20: Dépenses | C20: Per diem et frais d'hébergement | D20: 4116 | E20: 1646.4 | F20: =SUMIF(Dépenses_Belgique!$A$4:$A$257,rapport_financier!A20,Dépenses_Belgique!$E$4:$E$257) -> 1455.86 | G20: =F20/D20 -> 0.35370748 | H20: =+D20-F20 -> 2660.14
B21: sous-total | D21: =SUM(D18:D20) -> 25356 | E21: =SUM(E18:E20) -> 10142.4 | F21: =SUM(F18:F20) -> 27027.37 | G21: =F21/D21 -> 1.0659162 | H21: =+D21-F21 -> -1671.37
B22: 5. Personnel
A23: 5.1 | B23: Suivi-évaluation et appui de formation | C23: 1/4 ETP du chargé d'animation-communication | D23: 41594.442 | E23: 20498.29 | F23: =SUMIF(Dépenses_Belgique!$A$4:$A$257,rapport_financier!A23,Dépenses_Belgique!$E$4:$E$257) -> 56689.102 | G23: =F23/D23 -> 1.3629009 | H23: =+D23-F23 -> -15094.66
A24: 5.2 | B24: Coordination administrative et financière du projet | C24: 1/4 ETP du responsable administratif et financier | D24: 45691.804 | E24: 16928.33 | F24: =SUMIF(Dépenses_Belgique!$A$4:$A$257,rapport_financier!A24,Dépenses_Belgique!$E$4:$E$257) -> 50530.344 | G24: =F24/D24 -> 1.1058951 | H24: =+D24-F24 -> -4838.5393
B25: sous-total | D25: =SUM(D23:D24) -> 87286.246 | E25: =SUM(E23:E24) -> 37426.62 | F25: =SUM(F23:F24) -> 107219.45 | G25: =F25/D25 -> 1.2283659 | H25: =+D25-F25 -> -19933.199
C26: Dépenses Nord | D26: =D5+D12+D16+D21+D25 -> 134222.29 | E26: =E5+E12+E16+E21+E25 -> 56598.97 | F26: =F5+F12+F16+F21+F25 -> 154794.23 | G26: =F26/D26 -> 1.1532676 | H26: =H5+H12+H16+H21+H25 -> -20571.935
B27: 6. Frais du partenaire sur place
B28: Résultat à atteindre 1 | C28: La gestion locale de la communauté par le droit et la démocratie participative a été renforcée | D28: =SUM(D29:D33) -> 135520 | E28: =SUM(E29:E33) -> 94738 | F28: =SUM(F29:F33) -> 129171.29 | G28: =F28/D28 -> 0.95315297 | H28: =+D28-F28 -> 6348.7093
A29: 6,1,1 | B29: Activité 1.1 | C29: Atelier de sensibilitation et mise en place des équipes de CLGP, médiateurs et parajuristes | D29: 26605 | E29: 24099.01 | F29: =SUMIF(Dépenses_Burundi!$E$7:$E$2187,rapport_financier!A29,Dépenses_Burundi!$H$7:$H$2187) -> 23858.871 | G29: =F29/D29 -> 0.89678148 | H29: =+D29-F29 -> 2746.1287
A30: 6,1,2 | B30: Activité 1.2 | C30: Formation des CLGP sur les droits civils et politiques, le plaidoyer, les questions de redevabilité et transparence | D30: 23105 | E30: 20750.81 | F30: =SUMIF(Dépenses_Burundi!$E$7:$E$2187,rapport_financier!A30,Dépenses_Burundi!$H$7:$H$2187) -> 21594.999 | G30: =F30/D30 -> 0.93464615 | H30: =+D30-F30 -> 1510.0008
A31: 6,1,3 | B31: Activité 1.3 | C31: Formation des parajuristes sur la promotion et l’accès aux droits et les techniques d’intervention | D31: 20905 | E31: 18672.79 | F31: =SUMIF(Dépenses_Burundi!$E$7:$E$2187,rapport_financier!A31,Dépenses_Burundi!$H$7:$H$2187) -> 18661.91 | G31: =F31/D31 -> 0.89270078 | H31: =+D31-F31 -> 2243.0901
A32: 6,1,4 | B32: Activité 1.4 | C32: Formation des médiateurs sur les techniques de gestion positive des conflits | D32: 20905 | E32: 19581.97 | F32: =SUMIF(Dépenses_Burundi!$E$7:$E$2187,rapport_financier!A32,Dépenses_Burundi!$H$7:$H$2187) -> 19993.361 | G32: =F32/D32 -> 0.95639136 | H32: =+D32-F32 -> 911.63868
A33: 6,1,5 | B33: Activité 1.5 | C33: Appui et accompagnement de terrain aux équipes de CLGP, parajuristes et médiateurs | D33: 44000 | E33: 11633.42 | F33: =SUMIF(Dépenses_Burundi!$E$7:$E$2187,rapport_financier!A33,Dépenses_Burundi!$H$7:$H$2187) -> 45062.149 | G33: =F33/D33 -> 1.0241397 | H33: =+D33-F33 -> -1062.149
B34: Résultat à atteindre 2 | C34: La participation citoyenne à la gestion de la chose publique a été améliorée | D34: =D35 -> 8640 | E34: =E35 -> 307.5 | F34: =F35 -> 8096.5352 | G34: =F34/D34 -> 0.93709898 | H34: =+D34-F34 -> 543.46477
A35: 6,2,1 | B35: Activité 2.1 | C35: Sensibilisation et implication (par les groupes de para-juristes, de médiateurs ainsi que les CLGP) des populations et autorités locales aux questions de droits, participation citoyenne et de démocratie | D35: 8640 | E35: 307.5 | F35: =SUMIF(Dépenses_Burundi!$E$7:$E$2187,rapport_financier!A35,Dépenses_Burundi!$H$7:$H$2187) -> 8096.5352 | G35: =F35/D35 -> 0.93709898 | H35: =+D35-F35 -> 543.46477
B36: Résultat à atteindre 3 | C36: La mise en réseau des médiateurs, parajuristes, CLGP et des leaders sociaux et culturels a été développée | D36: =SUM(D37:D38) -> 43448 | E36: =SUM(E37:E38) -> 0 | F36: =SUM(F37:F38) -> 43837.24 | G36: =F36/D36 -> 1.0089588 | H36: =+D36-F36 -> -389.24025
A37: 6,3,1 | B37: Activité 3.1 | C37: Échange et mise en réseau entre les parajuristes, médiateurs et CLGP. Organisation de visites d’échange d’expériences sur les enjeux de démocratie | D37: 18005 | E37: 0 | F37: =SUMIF(Dépenses_Burundi!$E$7:$E$2187,rapport_financier!A37,Dépenses_Burundi!$H$7:$H$2187) -> 19663.106 | G37: =F37/D37 -> 1.0920914 | H37: =+D37-F37 -> -1658.1064
A38: 6,3,2 | B38: Activité 3.2 | C38: Échange et mise en réseau entre les leaders communautaires et religieux des provinces cibles sur les enjeux de mémoire | D38: 25443 | E38: 0 | F38: =SUMIF(Dépenses_Burundi!$E$7:$E$2187,rapport_financier!A38,Dépenses_Burundi!$H$7:$H$2187) -> 24174.134 | G38: =F38/D38 -> 0.95012907 | H38: =+D38-F38 -> 1268.8661
B39: Résultat à atteindre 4 | C39: La citoyenneté responsable, active, critique et solidaire des élèves et dans les écoles ciblées a été renforcée | D39: =D40 -> 32520 | E39: =E40 -> 0 | F39: =F40 -> 31125.955 | G39: =F39/D39 -> 0.95713269 | H39: =+D39-F39 -> 1394.045
A40: 6,4,1 | B40: Activité 4.1 | C40: Création et animation de clubs scolaires « paix et droits humains » par la CEJP dans les milieux scolaires pour vulgariser les principes démocratiques et de non-violence active | D40: 32520 | E40: 0 | F40: =SUMIF(Dépenses_Burundi!$E$7:$E$2187,rapport_financier!A40,Dépenses_Burundi!$H$7:$H$2187) -> 31125.955 | G40: =F40/D40 -> 0.95713269 | H40: =+D40-F40 -> 1394.045
B41: Résultat à atteindre 5 | C41: La production d’outil de capitalisation des connaissances et expériences a été améliorée | D41: =D42 -> 19220 | E41: =E42 -> 0 | F41: =F42 -> 14599.277 | G41: =F41/D41 -> 0.75958776 | H41: =+D41-F41 -> 4620.7232
A42: 6,5,1 | B42: Activité 5.1 | C42: Production d’une recherche-action de type académique | D42: 19220 | E42: 0 | F42: =SUMIF(Dépenses_Burundi!$E$7:$E$2187,rapport_financier!A42,Dépenses_Burundi!$H$7:$H$2187) -> 14599.277 | G42: =F42/D42 -> 0.75958776 | H42: =+D42-F42 -> 4620.7232
B43: Résultat à atteindre 6 | C43: La compréhension collective des enjeux liés aux mémoires du passé par les leaders sociaux et culturels et les relais (communautaires, religieux et intellectuels) dans les provinces ciblées a été améliorée et leur engagement a été renforcé | D43: =SUM(D44:D45) -> 82188 | E43: =SUM(E44:E45) -> 0 | F43: =SUM(F44:F45) -> 80286.771 | G43: =F43/D43 -> 0.97686731 | H43: =+D43-F43 -> 1901.2295
A44: 6,6,1 | B44: Activité 6.1 | C44: Constitution et renforcement de capacités de groupes porteurs constitués de leaders sociaux et culturels en vue de la sensibilisation des populations cibles | D44: 51330 | E44: 0 | F44: =SUMIF(Dépenses_Burundi!$E$7:$E$2187,rapport_financier!A44,Dépenses_Burundi!$H$7:$H$2187) -> 49740.917 | G44: =F44/D44 -> 0.96904182 | H44: =+D44-F44 -> 1589.0832
A45: 6,6,2 | B45: Activité 6.2 | C45: Développement d’ateliers conceptuels et réflexifs (mise à distance/décentration) thématiques sur la question de la commémoration de la mémoire | D45: 30858 | E45: 0 | F45: =SUMIF(Dépenses_Burundi!$E$7:$E$2187,rapport_financier!A45,Dépenses_Burundi!$H$7:$H$2187) -> 30545.854 | G45: =F45/D45 -> 0.98988443 | H45: =+D45-F45 -> 312.14627
B46: Résultat à atteindre 7 | C46: La sensibilisation des populations ciblées aux enjeux de mémoires du passé a été améliorée | D46: =D47 -> 31312 | E46: =E47 -> 3544.63 | F46: =F47 -> 33948.052 | G46: =F46/D46 -> 1.0841866 | H46: =+D46-F46 -> -2636.052
A47: 6,7,1 | B47: Activité 7.1 | C47: Organisation et célébration de journées « mémoire(s) et réconciliation» | D47: 31312 | E47: 3544.63 | F47: =SUMIF(Dépenses_Burundi!$E$7:$E$2187,rapport_financier!A47,Dépenses_Burundi!$H$7:$H$2187) -> 33948.052 | G47: =F47/D47 -> 1.0841866 | H47: =+D47-F47 -> -2636.052
A48: 6.8 | B48: CEJP Burundi - Frais de suivi continu | C48: Suivi continu, évaluation et apprentissage du Programme par la CEJP (1 visite de 2 jours par trimestre et par province) | D48: 35610 | E48: 7726.82 | F48: =SUMIF(Dépenses_Burundi!$E$7:$E$2187,rapport_financier!A48,Dépenses_Burundi!$H$7:$H$2187) -> 33189.494 | G48: =F48/D48 -> 0.93202734 | H48: =+D48-F48 -> 2420.5065
A49: 6.9 | B49: CEJP Burundi - Frais de suivi / re-planification | C49: Réunions annuelles de suivi-évaluation/re-planification du Projet | D49: 11136 | E49: 5504.31 | F49: =SUMIF(Dépenses_Burundi!$E$7:$E$2187,rapport_financier!A49,Dépenses_Burundi!$H$7:$H$2187) -> 7527.2273 | G49: =F49/D49 -> 0.67593636 | H49: =+D49-F49 -> 3608.7727
A50: 6.1 | B50: CEJP Burundi - Frais d'audit | C50: Audit annuel | D50: 7500 | E50: 0 | F50: =SUMIF(Dépenses_Burundi!$E$7:$E$2187,rapport_financier!A50,Dépenses_Burundi!$H$7:$H$2187) -> 6162.8195 | G50: =F50/D50 -> 0.82170927 | H50: =+D50-F50 -> 1337.1805
A51: 6.11 | B51: CEJP Burundi - Frais d'évaluation | C51: Evaluation finale (locale) | D51: 9000 | E51: 0 | F51: =SUMIF(Dépenses_Burundi!$E$7:$E$2187,rapport_financier!A51,Dépenses_Burundi!$H$7:$H$2187) -> 8770.9012 | G51: =F51/D51 -> 0.97454457 | H51: =+D51-F51 -> 229.09885
A52: 6.12 | B52: CEJP Burundi - Frais administratifs | C52: Frais administratifs (9% du Total Activités) | D52: 38245.5 | E52: 13778.33 | F52: 38245.5 | G52: =F52/D52 -> 1 | H52: =+D52-F52 -> 0
A53: 6.13 | B53: CEJP Burundi - Frais de personnel | C53: Personnel CEJP (15% du Total Activités) | D53: 63742.5 | E53: 26559.76 | F53: 63742.5 | G53: =F53/D53 -> 1 | H53: =+D53-F53 -> 0
B54: sous-total | D54: 518082 | E54: 152159.35 | F54: =F28+F34+F36+F39+F41+F43+F46+F48+F49+F50+F51+F52+F53 -> 498703.56 | G54: =F54/D54 -> 0.96259581 | H54: =+D54-F54 -> 19378.438
C55: Dépenses Sud | D55: 518082 | E55: 152159.35 | F55: =F54 -> 498703.56 | G55: =F55/D55 -> 0.96259581 | H55: =+D55-F55 -> 19378.438
B56: TOTAL | D56: 652304.29 | E56: 208758.32 | F56: =F26+F55 -> 653497.79 | G56: =F56/D56 -> 1.0018297 | H56: =+D56-F56 -> -1193.4972

Sheet Dépenses_Burundi
B2: Période du | C2: 43282 | F2: Taux Moyen Pondéré | G2: =Taux_de_change!I8 -> 2078.5941
B3: au | C3: 44377
A4: CEIP BURUNDI | B4: Tenue de compte : BIF
A6: Date | B6: Journal | C6: N° pièce | D6: Code | E6: LB | F6: Libellé | G6: BIF | H6: EUR
A7: 43387 | B7: BC0007 | C7: 5 | D7: AA070111 | E7: 6,1,1 | F7: REUNION INFOR APPROPRIATION LANCET | G7: 150000 | H7: =G7/$G$2 -> 72.164163
A8: 43388 | B8: BC0007 | C8: 32 | D8: AA070111 | E8: 6,1,1 | F8: REUNIO INFO NGOZI GITEGA | G8: 50000 | H8: =G8/$G$2 -> 24.054721
A9: 43388 | B9: BC0007 | C9: 33 | D9: AA070111 | E9: 6,1,1 | F9: REUNIO INFO NGOZI GITEGA | G9: 100000 | H9: =G9/$G$2 -> 48.109442
A10: 43419 | B10: BC0007 | C10: 35 | D10: AA070111 | E10: 6,1,1 | F10: REUNIO INFO RUYIGI | G10: 30000 | H10: =G10/$G$2 -> 14.432833
A11: 43388 | B11: BC0007 | C11: 88 | D11: AA070111 | E11: 6,1,1 | F11: REUNIO INFO APPRO BUBANZA | G11: 50000 | H11: =G11/$G$2 -> 24.054721
A12: 43388 | B12: BC0007 | C12: 36 | D12: AA070111 | E12: 6,1,1 | F12: LOCATIO VEH REUNIO INFO GIT NGOZI | G12: 280000 | H12: =G12/$G$2 -> 134.70644
A13: 43353 | B13: BC0007 | C13: 38 | D13: AA070111 | E13: 6,1,1 | F13: HONOR FACIL REUNIO INFO RUYIGI | G13: 210000 | H13: =G13/$G$2 -> 101.02983
A14: 43376 | B14: BC0007 | C14: 8 | D14: AA070111 | E14: 6,1,1 | F14: CARBURANT VEHICULE | G14: 158963 | H14: =G14/$G$2 -> 76.476212
A15: 43376 | B15: BC0007 | C15: 18 | D15: AA070111 | E15: 6,1,1 | F15: CARBURANT VEHICULE | G15: 196261 | H15: =G15/$G$2 -> 94.420072
A16: 43376 | B16: BC0007 | C16: 9 | D16: AA070111 | E16: 6,1,1 | F16: REUNION INFO APPROPRIATION RUYIGI | G16: 120000 | H16: =G16/$G$2 -> 57.73133
A17: 43376 | B17: BC0007 | C17: 10 | D17: AA070111 | E17: 6,1,1 | F17: REUNION INFO APPROPRIATION | G17: 120000 | H17: =G17/$G$2 -> 57.73133
A18: 43382 | B18: BC0007 | C18: 11 | D18: AA070111 | E18: 6,1,1 | F18: REUNION INFO APPROPRIATION | G18: 120000 | H18: =G18/$G$2 -> 57.73133
... A196: 43462 | B196: BC0007 | C196: 70 | D196: AA07014 | E196: 6,1,4 | F196: HON FORMATION MEDIATEURS | G196: 2094700 | H196: =G196/$G$2 -> 1007.7485
A197: 43326 | B197: BC0007 | C197: 155 | D197: AA0708 | E197: 6.8 | F197: PRIME DU PF BUBANZA NOV ET DEC 2018 | G197: 400000 | H197: =G197/$G$2 -> 192.43777
A198: 43326 | B198: BC0007 | C198: 7 | D198: AA0709 | E198: 6.9 | F198: REUNION DE REPLANIFICATION | G198: 300000 | H198: =G198/$G$2 -> 144.32833
A199: 43326 | B199: BC0007 | C199: 7 | D199: AA0709 | E199: 6.9 | F199: REUNION DE REPLANIFICATION | G199: 250000 | H199: =G199/$G$2 -> 120.2736
A200: 43326 | B200: BC0007 | C200: 7 | D200: AA0709 | E200: 6.9 | F200: REUNION DE REPLANIFICATION | G200: 220000 | H200: =G200/$G$2 -> 105.84077
A201: 43326 | B201: BC0007 | C201: 7 | D201: AA0709 | E201: 6.9 | F201: REUNION DE REPLANIFICATION | G201: 96000 | H201: =G201/$G$2 -> 46.185064
A202: 43326 | B202: BC0007 | C202: 7 | D202: AA0709 | E202: 6.9 | F202: REUNION DE REPLANIFICATION | G202: 450000 | H202: =G202/$G$2 -> 216.49249
A203: 43326 | B203: BC0007 | C203: 7 | D203: AA0709 | E203: 6.9 | F203: REUNION DE REPLANIFICATION | G203: 240000 | H203: =G203/$G$2 -> 115.46266
A204: 43326 | B204: BC0007 | C204: 7 | D204: AA0709 | E204: 6.9 | F204: REUNION DE REPLANIFICATION | G204: 144000 | H204: =G204/$G$2 -> 69.277596
A205: 43440 | B205: BC0007 | C205: 6 | D205: AA0709 | E205: 6.9 | F205: REUNION DE REPLANIFICATION | G205: 900000 | H205: =G205/$G$2 -> 432.98498
A206: 43462 | B206: BC0007 | C206: 117 | D206: AA07012 | E206: 6,1,2 | F206: KIT REUNION INFO MISE PLACE CLGP PA | G206: 143865 | H206: =G206/$G$2 -> 69.212649
A207: 43462 | B207: BC0007 | C207: 139 | D207: AA07012 | E207: 6,1,2 | F207: FORMATION CLGP | G207: 239955 | H207: =G207/$G$2 -> 115.44101
A208: 43462 | B208: BC0007 | C208: 140 | D208: AA07012 | E208: 6,1,2 | F208: FORMATION PARAJURISTES | G208: 199800 | H208: =G208/$G$2 -> 96.122665
A209: 43462 | B209: BC0007 | C209: 143 | D209: AA07014 | E209: 6,1,4 | F209: FORMATION MEDIATEURS | G209: 175300 | H209: =G209/$G$2 -> 84.335852
A210: 43462 | B210: BC0007 | C210: 144 | D210: AA07014 | E210: 6,1,4 | F210: FORMATION MEDIATEURS | G210: 199800 | H210: =G210/$G$2 -> 96.122665
A211: 43462 | B211: BC0007 | C211: 145 | D211: AA07014 | E211: 6,1,4 | F211: FORMATION MEDIATEURS | G211: 196300 | H211: =G211/$G$2 -> 94.438834
A212: 43312 | B212: BC0007 | C212: 146 | D212: AA07012 | E212: 6,1,2 | F212: FORMATION CLGP | G212: 80000 | H212: =G212/$G$2 -> 38.487554
A213: 43544 | B213: BC0007 | C213: 338 | D213: AA070111 | E213: 6,1,1 | F213: Location salle pour activité | G213: 60000 | H213: =G213/$G$2 -> 28.865665
A214: 43644 | B214: BC0007 | C214: 534 | D214: AA070111 | E214: 6,1,1 | F214: Location vehicule | G214: 210000 | H214: =G214/$G$2 -> 101.02983
A215: 43515 | B215: BC0007 | C215: 265 | D215: AA070111 | E215: 6,1,1 | F215: Consommation carburant novemv | G215: 64414 | H215: =G215/$G$2 -> 30.989216
A216: 43515 | B216: BC0007 | C216: 265 | D216: AA070111 | E216: 6,1,1 | F216: Consommation carburant novemv | G216: 5000 | H216: =G216/$G$2 -> 2.4054721
A217: 43514 | B217: BC0007 | C217: 256 | D217: AA070111 | E217: 6,1,1 | F217: Frais de mission a Barhtel | G217: 40000 | H217: =G217/$G$2 -> 19.243777
... A656: 43564 | B656: BC0007 | C656: 389 | D656: AA0707 | E656: 6,7,1 | F656: Frais de communication /atelier a R | G656: 120000 | H656: =G656/$G$2 -> 57.73133
A657: 43644 | B657: BC0007 | C657: 546 | D657: AA0708 | E657: 6.8 | F657: location vehicule a bubanza | G657: 140000 | H657: =G657/$G$2 -> 67.353219
A658: 43644 | B658: BC0007 | C658: 549 | D658: AA0708 | E658: 6.8 | F658: justi location vehicule ngozi | G658: 280000 | H658: =G658/$G$2 -> 134.70644
A659: 43646 | B659: BC0007 | C659: 556 | D659: AA0708 | E659: 6.8 | F659: Location vehicule a Berch | G659: 910000 | H659: =G659/$G$2 -> 437.79592
A660: 43646 | B660: BC0007 | C660: 573 | D660: AA0708 | E660: 6.8 | F660: Justification de frais de loc vehi | G660: 280000 | H660: =G660/$G$2 -> 134.70644
A661: 43646 | B661: BC0007 | C661: 588 | D661: AA0708 | E661: 6.8 | F661: Justification de suivi de Muying | G661: 140000 | H661: =G661/$G$2 -> 67.353219
A662: 43646 | B662: BC0007 | C662: 570 | D662: AA0708 | E662: 6.8 | F662: justification de frais de loc pr GI | G662: 420000 | H662: =G662/$G$2 -> 202.05966
A663: 43644 | B663: BC0007 | C663: 546 | D663: AA0708 | E663: 6.8 | F663: carburant de suivi a bubanza | G663: 72000 | H663: =G663/$G$2 -> 34.638798
A664: 43644 | B664: BC0007 | C664: 549 | D664: AA0708 | E664: 6.8 | F664: justifica carburant a Ngozi | G664: 240000 | H664: =G664/$G$2 -> 115.46266
A665: 43646 | B665: BC0007 | C665: 559 | D665: AA0708 | E665: 6.8 | F665: Carburant consommé pour JUIN | G665: 571638 | H665: =G665/$G$2 -> 275.01185
A666: 43646 | B666: BC0007 | C666: 569 | D666: AA0708 | E666: 6.8 | F666: Justification de Carburant Gitega | G666: 360000 | H666: =G666/$G$2 -> 173.19399
A667: 43646 | B667: BC0007 | C667: 574 | D667: AA0708 | E667: 6.8 | F667: Justification carburant Ruyigi | G667: 240000 | H667: =G667/$G$2 -> 115.46266
A668: 43646 | B668: BC0007 | C668: 588 | D668: AA0708 | E668: 6.8 | F668: justification de carburant Muyinga | G668: 120000 | H668: =G668/$G$2 -> 57.73133
... A725: 43570 | B725: BC0007 | C725: 396 | D725: AA0709 | E725: 6.9 | F725: KIT materiel /suivi evaluation annu | G725: 179620 | H725: =G725/$G$2 -> 86.41418
A726: 43616 | B726: BC0007 | C726: 463 | D726: AA0707 | E726: 6,7,1 | F726: Materiel de Bureau | G726: 4500000 | H726: =G726/$G$2 -> 2164.9249
A727: 43570 | B727: BC0007 | C727: 398 | D727: AA0707 | E727: 6,7,1 | F727: Achat de deux ordinateurs | G727: 3700000 | H727: =G727/$G$2 -> 1780.0494
A728: 43610 | B728: BC0007 | C728: 445 | D728: AA0707 | E728: 6,7,1 | F728: Paiement ordinateur pour chargé | G728: 1980000 | H728: =G728/$G$2 -> 952.56695
A729: 43606 | B729: BC0007 | C729: 419 | D729: AA0707 | E729: 6,7,1 | F729: Contribution fourniture de bureau | G729: 1500000 | H729: =G729/$G$2 -> 721.64163
A730: 43606 | B730: BC0007 | C730: 421 | D730: AA0707 | E730: 6,7,1 | F730: Contribution au fourniture de burea | G730: 1000000 | H730: =G730/$G$2 -> 481.09442
A731: 43677 | B731: BC0007 | C731: 634 | D731: AA0707 | E731: 6,7,1 | F731: Contribution sur Fourniture de bure | G731: 1500000 | H731: =G731/$G$2 -> 721.64163
A732: 43515 | B732: BC0007 | C732: 265 | D732: AA07014 | E732: 6,1,4 | F732: Consommation carburant novemv | G732: 488496 | H732: =G732/$G$2 -> 235.0127
A733: 43515 | B733: BC0007 | C733: 267 | D733: AA07014 | E733: 6,1,4 | F733: Paiet frais de carburant | G733: 137000 | H733: =G733/$G$2 -> 65.909935
A734: 43612 | B734: BC0007 | C734: 448 | D734: AA07015 | E734: 6,1,5 | F734: paiement frais apres reunion de ser | G734: 136500 | H734: =G734/$G$2 -> 65.669388
A735: 43679 | B735: BC0007 | C735: 642 | D735: AA070112 | E735: 6,1,1 | F735: Paiement location salle bubanza | G735: 100000 | H735: =G735/$G$2 -> 48.109442
A736: 43679 | B736: BC0007 | C736: 640 | D736: AA070112 | E736: 6,1,1 | F736: Paiement honoraire sur sensibil | G736: 261847 | H736: =G736/$G$2 -> 125.97313
A737: 43679 | B737: BC0007 | C737: 641 | D737: AA070112 | E737: 6,1,1 | F737: Paiement IPR sur honoraire | G737: 763043 | H737: =G737/$G$2 -> 367.09573
... A945: 43841 | B945: IBBSBUJ05 | C945: 0003 | D945: 0149 | E945: 6,8 | F945: PRIME DU POIT FOCAL DEC 2019 | G945: 193478 | H945: =G945/$G$2 -> 93.081186
A946: 31/01/2020-010068 | B946: SL01 | C946: 0001 | D946: 0149 | E946: 6,8 | F946: IPR POUR Prime de points Focaux | G946: 39132 | H946: =G946/$G$2 -> 18.826187
A947: 17/01/2020-010014 | B947: ACHL | C947: 0036 | D947: 0150 | E947: 6,9 | F947: Constation de frais de kit des partcipants /CJP | G947: 89000 | H947: =G947/$G$2 -> 42.817403
A948: 27/01/2020-010001 | B948: ACHL | C948: 0037 | D948: 0150 | E948: 6,9 | F948: Facture N°11/2020 Portant frais de restauration et Logement /CJP | G948: 2682000 | H948: =G948/$G$2 -> 1290.2952
A949: 27/01/2020-010001 | B949: ACHL | C949: 0037 | D949: 0150 | E949: 6,9 | F949: Facture N°11/2020 Portant location salle /CJP | G949: 450000 | H949: =G949/$G$2 -> 216.49249
A950: 29/01/2020-010002 | B950: ACHL | C950: 0039 | D950: 0150 | E950: 6,9 | F950: Facture N°64698 portant frais de communication pr Leo /CJP | G950: 100000 | H950: =G950/$G$2 -> 48.109442
A951: 31/01/2020-010084 | B951: ORSIEGECJP | C951: 0050 | D951: 0150 | E951: 6,9 | F951: Justification de frais de deplacement des partcipants | G951: 1620000 | H951: =G951/$G$2 -> 779.37296
A952: 31/01/2020-010024 | B952: BCB02 | C952: CJPB0013 | D952: 0243 | E952: 6,10 | F952: Paiement de la 2eme tranche pour l'audit du projet CJP | G952: 1770000 | H952: =G952/$G$2 -> 851.53712
A953: 16/01/2020-010009 | B953: BCB02 | C953: CJPB0002 | D953: 0249 | E953: 6,4,1 | F953: Paiement frais de mission à Marcelle /CJP | G953: 300000 | H953: =G953/$G$2 -> 144.32833
A954: 16/01/2020-010010 | B954: BCB02 | C954: CJPB0003 | D954: 0249 | E954: 6,4,1 | F954: Paiement frais de mission à Didace /CJP | G954: 300000 | H954: =G954/$G$2 -> 144.32833
A955: 16/01/2020-010011 | B955: BCB02 | C955: CJPB0004 | D955: 0249 | E955: 6,4,1 | F955: Paiement frais de mission à Emery /CJP | G955: 300000 | H955: =G955/$G$2 -> 144.32833
A956: 27/01/2020-010003 | B956: ACHL | C956: 0038 | D956: 0249 | E956: 6,4,1 | F956: Carburant consommé au cours de mois de décembre pour la descente /CJP | G956: 151317 | H956: =G956/$G$2 -> 72.797764
A957: 29/01/2020-010004 | B957: ACHL | C957: 0040 | D957: 0249 | E957: 6,4,1 | F957: Facture N°64910 portant frais de communication pr Leo /CJP | G957: 40000 | H957: =G957/$G$2 -> 19.243777
... A2136: 30/06/2021-070120 | B2136: IBBSNGZ03 | C2136: 0076 | D2136: 0253 | E2136: 6,7,1 | F2136: Frais des fourniture pour la preparation des rapports | G2136: 100000 | H2136: =G2136/$G$2 -> 48.109442
A2137: 01/03/2021-010003 | B2137: BCB02 | C2137: CJPB0101 | D2137: 0692 | E2137: 6.11 | F2137: CH N°0006239 Portant frais de mission à Maryse | G2137: 50000 | H2137: =G2137/$G$2 -> 24.054721
A2138: 01/03/2021-010004 | B2138: BCB02 | C2138: CJPB0102 | D2138: 0692 | E2138: 6.11 | F2138: CH N°0006240 Portant frais de mission à Dieudonné | G2138: 50000 | H2138: =G2138/$G$2 -> 24.054721
A2139: 01/03/2021-010005 | B2139: BCB02 | C2139: CJPB0103 | D2139: 0692 | E2139: 6.11 | F2139: CH N°0006240 Portant frais de mission à Henri | G2139: 50000 | H2139: =G2139/$G$2 -> 24.054721
A2140: 10/03/2021-010008 | B2140: ACHL | C2140: 0087 | D2140: 0692 | E2140: 6.11 | F2140: Paiement d'avance des Honoraires pour la consultance | G2140: 4314130 | H2140: =G2140/$G$2 -> 2075.5039
A2141: 10/03/2021-010012 | B2141: BCB02 | C2141: CJPB0126 | D2141: 0692 | E2141: 6.11 | F2141: CH N°0006245 Portant frais de mission à Emery | G2141: 350000 | H2141: =G2141/$G$2 -> 168.38305
A2142: 16/03/2021-010004 | B2142: ACHL | C2142: 0098 | D2142: 0692 | E2142: 6.11 | F2142: Constatation de frais de Communication pour l'atelier | G2142: 40000 | H2142: =G2142/$G$2 -> 19.243777
A2143: 24/03/2021-010042 | B2143: BCBSRUY02 | C2143: 0010 | D2143: 0692 | E2143: 6.11 | F2143: Paiement de la facture portant frais de communication pour evaluation finale de projet | G2143: 20000 | H2143: =G2143/$G$2 -> 9.6218884
A2144: 24/03/2021-010043 | B2144: BCBSRUY02 | C2144: 0011 | D2144: 0692 | E2144: 6.11 | F2144: Paiement frais de mission au point Focal pour suivi d'evaluation finale de projet | G2144: 20000 | H2144: =G2144/$G$2 -> 9.6218884
A2145: 24/03/2021-010044 | B2145: BCBSRUY02 | C2145: 0012 | D2145: 0692 | E2145: 6.11 | F2145: Paiement de frais de deplacement des enquétes et enqueteurs lors de l'evaluation finale du projet | G2145: 200000 | H2145: =G2145/$G$2 -> 96.218884
A2146: 25/03/2021-010013 | B2146: BCB02 | C2146: CJPB0148 | D2146: 0692 | E2146: 6.11 | F2146: OP N°0006996 Portant remboursement de frais de Carburant à Elysée | G2146: 200000 | H2146: =G2146/$G$2 -> 96.218884
A2147: 30/03/2021-010006 | B2147: ACHL | C2147: 0149 | D2147: 0692 | E2147: 6.11 | F2147: Constatation de frais de location Vehicule à Estis House pour la descente de Mwaro | G2147: 472000 | H2147: =G2147/$G$2 -> 227.07657
A2148: 30/03/2021-010007 | B2148: ACHL | C2148: 0150 | D2148: 0692 | E2148: 6.11 | F2148: Constatation de frais de location Vehicule à Maxplus à la descente de Muyinga | G2148: 350000 | H2148: =G2148/$G$2 -> 168.38305
... A2187: 30/06/2021-060004 | B2187: ORMUY | C2187: MUY0048 | D2187: 0692 | E2187: 6.11 | F2187: Frais de deplacement de l'enqueteur | G2187: 20000 | H2187: =G2187/$G$2 -> 9.6218884
E2188: 6.12 | F2188: Frais administratifs (9% du Total Activités) | G2188: 79496869 | H2188: =G2188/$G$2 -> 38245.5
E2189: 6.13 | F2189: Personnel CEJP (15% du Total Activités) | G2189: 1.3249478e+08 | H2189: =G2189/$G$2 -> 63742.5
A2190: TOTAL | G2190: 1026984578 | H2190: =SUM(H7:H2189) -> 498703.56

Sheet Dépenses_Belgique
A2: Du 01/05/2018 au 30/06/2021
A3: LB | B3: N° de pièce | C3: Date | D3: Description | E3: Montant EUR
A4: 1.1 | B4: A1-212 | C4: 43635 | D4: Achat pc HPelite 800 G4 | E4: 1474.51
A5: 2.1 | B5: contrat + facture globale | C5: 43616 | D5: Loyers (1,5%) mai 2018 à mai 2019 | E5: 585
A6: 2.1 | B6: contrat + facture globale | C6: 44104 | D6: Loyers (1,5%) juin 2019 à septembre 2020 | E6: 720
A7: 2.1 | B7: contrat + facture globale | C7: 44377 | D7: Loyers (1,5%) oct 2020 à juin 2021 | E7: 405
A8: 2.2 | B8: A1-143 | C8: 43227 | D8: Fact 05.17041.002.59 Eau Déc-Avril | E8: 4.021
A9: 2.2 | B9: A1-144 | C9: 43227 | D9: Fact 05.17040.001.28 Eau Nov-Avril | E9: 2.445
A10: 2.2 | B10: A1-140 | C10: 43221 | D10: F11536247 électricté et gaz Mai | E10: 36.7495
A11: 2.2 | B11: A1-168 | C11: 43221 | D11: F11536247 électricté et gaz juin | E11: 36.7495
A12: 2.2 | B12: A1-223 | C12: 43252 | D12: F11658640 électricté et gaz juillet | E12: 36.7495
A13: 2.2 | B13: A1-229 | C13: 43313 | D13: F11893529 électricté et gaz août | E13: 36.7495
A14: 2.2 | B14: A1-260 | C14: 43344 | D14: F12011201 électricté et gaz septembre | E14: 26.7495
A15: 2.2 | B15: A1-287 | C15: 43376 | D15: F12128723 électricité et gaz octobre | E15: 33.2505
... A147: 4.3 | B147: A2-NF31 | C147: 44387 | D147: Anti malaria | E147: 41
A148: 5.2 | C148: 43244 | D148: fiche de paie mai 2018 Chantal BION (administration-secrétariat) | E148: 1942.5026
A149: 5.2 | C149: 43276 | D149: fiche de paie juin 2018 Chantal BION (administration-secrétariat) | E149: 1016.8837
A150: 5.2 | C150: 43305 | D150: fiche de paie juillet 2018 Chantal BION (administration-secrétariat) | E150: 1014.4122
A151: 5.2 | C151: 43335 | D151: fiche de paie août 2018 Chantal BION (administration-secrétariat) | E151: 1017.4581
A152: 5.2 | C152: 43367 | D152: fiche de paie septembre 2018 Chantal BION (administration-secrétariat) | E152: 1017.4498
A153: 5.2 | C153: 43395 | D153: fiche de paie octobre 2018 Chantal BION (administration-secrétariat) | E153: 1039.0254
A154: 5.2 | C154: 43427 | D154: fiche de paie novembre 2018 Chantal BION (administration-secrétariat) | E154: 1037.3381
A155: 5.2 | C155: 43447 | D155: fiche de paie décembre 2018 Chantal BION (administration-secrétariat) | E155: 2068.5927
A156: 5.1 | C156: 43244 | D156: fiche de paie mai 2018 Clara DEBEVE (chargée du projet) | E156: 1213.8048
A157: 5.1 | C157: 43276 | D157: fiche de paie juin 2018 Clara DEBEVE (chargée du projet) | E157: 967.53328
A158: 5.1 | C158: 43305 | D158: fiche de paie juillet 2018 Clara DEBEVE (chargée du projet) | E158: 968.41554
A159: 5.1 | C159: 43335 | D159: fiche de paie août 2018 Clara DEBEVE (chargée du projet) | E159: 968.39419
... A251: 5.1 | C251: 44371 | D251: fiche de paie juin 2021 Pauline LAIGNEAUX (chargée de comm) | E251: 416.353
A252: 5.2 | C252: 44221 | D252: fiche de paie janvier 2021 Chantal BION (administration-secrétariat) | E252: =765.06*3.5 -> 2677.71
A253: 5.2 | C253: 44251 | D253: fiche de paie février 2021 Chantal BION (administration-secrétariat) | E253: =764.896*3.5 -> 2677.136
A254: 5.2 | C254: 44279 | D254: fiche de paie mars 2021 Chantal BION (administration-secrétariat) | E254: =765.928*3.5 -> 2680.748
A255: 5.2 | C255: 44312 | D255: fiche de paie avril 2021 Chantal BION (administration-secrétariat) | E255: =765.414*3.5 -> 2678.949
A256: 5.2 | C256: 44342 | D256: fiche de paie mai 2021 Chantal BION (administration-secrétariat) | E256: =1460.354*3.5 -> 5111.239
A257: 5.2 | C257: 44371 | D257: fiche de paie juin 2021 Chantal BION (administration-secrétariat) | E257: =775.67*3.5 -> 2714.845
E258: =SUM(E4:E257) -> 154794.23

Sheet Taux_de_change
E2: Montant envoyé Belgique | F2: Montant reçu Burundi | G2: Frais bancaires | H2: Montant reçu Burundi | I2: Taux Moyen Pondéré | J2: Date réception
E3: EUR | F3: EUR | G3: EUR | H3: BIF
B5: 43286 | C5: 1er transfert | E5: 207414.3 | F5: 207232.8 | G5: 181.5 | H5: 430550906 | I5: =H5/E5 -> 2075.8015 | J5: 43289
B6: 43880 | C6: 2e transfert | E6: 207414.3 | F6: 207232.8 | G6: 181.5 | H6: 419633178 | I6: =H6/E6 -> 2023.1642 | J6: 43881
B7: 44274 | C7: 3e transfert | E7: 51808 | F7: 51666.72 | G7: 141.28 | H7: 119763979 | I7: =H7/E7 -> 2311.6889 | J7: 44278
C8: total transferts | E8: =SUM(E5:E7) -> 466636.6 | H8: =SUM(H5:H7) -> 969948063 | I8: =H8/E8 -> 2078.5941
